 Dungeon Crawl Stone Soup version 0.30-a0-1160-g6e42c06551 (webtiles) character file.

Game seed: 16730446822583000655

16521 Mgcat the Protected (level 12, 0/109 HPs)
             Began as an Armataur Fighter on Apr 22, 2023.
             Was an Elder of Okawaru.
             Slain by a five-headed hydra (5 damage)
             ... on level 1 of the Lair of Beasts on Apr 25, 2023.
             The game lasted 00:30:08 (16252 turns).

Mgcat the Protected (Armataur Fighter)             Turns: 16252, Time: 00:30:09

Health: 0/109      AC: 18    Str: 25    XL:     12   Next: 10%
Magic:  14/16      EV:  8    Int: 10    God:    Okawaru [****..]
Gold:   780        SH: 19    Dex: 10    Spells: 11/11 levels left

rFire   . . .        b - +1 scimitar (flame)
rCold   . . .        x - +2 tower shield
rNeg    + . .        r - +0 scale mail
rPois   .            F - +0 hat
rElec   .            z - +0 cloak
rCorr   .            J - +1 pair of gloves
SInv    .            (no barding)
Will    .....        (no amulet)
Stlth   +            e - ring of positive energy {rN+}
HPRegen 0.38/turn    E - +4 ring of protection
MPRegen 0.15/turn

%: roll
@: heroic
A: large, rugged brown scales 3, deformed body, armoured tail, roll, long
tongue, awkward tongue
a: Renounce Religion, Heroism, Finesse


You were on level 1 of the Lair of Beasts.
You worshipped Okawaru.
Okawaru was greatly pleased with you.
You visited 2 branches of the dungeon, and saw 12 of its levels.
You visited the Abyss 1 time.

You collected 1092 gold pieces.
You spent 312 gold pieces at shops.

Inventory:

Hand Weapons
 a - a +2 war axe
 b - a +1 scimitar of flaming (weapon)
   (You took it off Erica on level 9 of the Dungeon)
Missiles
 y - 2 curare-tipped darts
Armour
 r - a +0 scale mail (worn)
 x - a +2 tower shield (worn)
   (You found it on level 4 of the Dungeon)
 z - a +0 cloak (worn)
   (You found it on level 5 of the Dungeon)
 F - a +0 hat (worn)
   (You took it off Gastronok on level 11 of the Dungeon)
 G - the +1 robe of Odis Hoph {rC+ SInv}
   (You found it on level 11 of the Dungeon)

   rC:        It protects you from cold.
   SInv:      It lets you see invisible.
 J - a +1 pair of gloves (worn)
   (You found it on level 8 of the Dungeon)
Jewellery
 e - a ring of positive energy (left hand) {rN+}
   (You took it off a gnoll on level 5 of the Dungeon)
 A - a ring of resist corrosion
   (You took it off Lodul on level 9 of the Dungeon)
 E - a +4 ring of protection (right hand)
   (You found it on level 6 of the Dungeon)
Wands
 c - a wand of polymorph (8)
   (You found it on level 5 of the Dungeon)
 B - a wand of flame (85)
   (You found it on level 6 of the Dungeon)
Scrolls
 f - a scroll of identify
 l - 5 scrolls of noise {!r}
 n - a scroll of vulnerability {!r!r}
 t - 5 scrolls of poison {!r}
 u - a scroll of fog
 v - a scroll of immolation {!r}
 D - a scroll of fear
Potions
 d - a potion of might
 g - 2 potions of resistance
 h - a potion of berserk rage {!q}
 i - 4 potions of magic
 j - 2 potions of haste
 k - 4 potions of lignification {!q}
 m - a potion of ambrosia
 q - 2 potions of attraction {!q}
 s - 4 potions of degeneration {!q}
 C - 2 potions of cancellation
 I - a potion of mutation {!q}
 L - a potion of curing
Miscellaneous
 H - a piece from Xom's chessboard (15/15)
   (You found it on level 7 of the Dungeon)


   Skills:
 + Level 8.3(13.3) Fighting
 * Level 10.3(15.3) Axes
 + Level 10.7(15.7) Armour
 + Level 9.9(14.9) Shields
 + Level 6.5 Invocations


You had 11 spell levels left.
You didn't know any spells.
Your spell library contained the following spells:

 Spells                   Type           Power      Damage    Failure   Level
 Apportation              Tloc           0%         N/A       86%         1
 Cigotuvi's Dreadful Rot  Necr/Pois/Air  0%         N/A       94%         2
 Poisonous Vapours        Pois/Air       0%         N/A       94%         2
 Mephitic Cloud           Conj/Pois/Air  0%         N/A       99%         3
 Portal Projectile        Hex/Tloc       0%         N/A       99%         3
 Dispel Undead            Necr           0%         3d6       100%        4
 Alistair's Intoxication  Tmut/Pois      0%         N/A       100%        5
 Blade Hands              Tmut           0%         N/A       100%        5
 Freezing Cloud           Conj/Ice/Air   0%         6-21      100%        5
 Conjure Ball Lightning   Conj/Air       0%         3x3d6     100%        6
 Discord                  Hex            0%         N/A       100%        8
 Disjunction              Tloc           0%         N/A       100%        8
 Tukima's Dance           Hex            Unusable   N/A       N/A         3
 Death Channel            Necr           Unusable   N/A       N/A         6

Dungeon Overview and Level Annotations

Branches:
Dungeon (11/15)            Temple (0/1) D:7            Lair (1/5) D:8
    Orc: D:9-12

Altars:
Ashenzari
Nemelex Xobeh
Okawaru
Qazlal
Sif Muna
Uskayaw
Vehumet
Wu Jian
Xom
Zin

Shops:
D:2 :   D:8 !

Annotations:
D:5 2 transporters, SlaveLabor's ghost, novice HuFi


Innate Abilities, Weirdness & Mutations

You are completely covered in rugged brown scales. (AC +3, +7% HP)
Armour fits poorly on your strangely shaped body.
You have a long armoured tail.
You roll when moving toward enemies. (Rampage)
Your long tongue fully drains potion bottles. (2x potion effects)
Your tongue gives you trouble enunciating. (1.5x scroll delay)


Message History

You kill the water moccasin!
Okawaru accepts your kill.
No target in view!
No target in view!
q - 2 potions of attraction {!q} (gained 1)
Found an escape hatch in the floor.
f - a scroll of identify
There is an escape hatch in the floor here.
l - 5 scrolls of noise {!r} (gained 1)
An eight-headed hydra comes into view.
The eight-headed hydra roars!
Spoiler Alert: The eight-headed hydra can hit for high damage in melee!
Unknown command.
Lua error: [string "/dgldir/rcfiles/crawl-git/Mgcat.rc"]:930: invalid capture index Unknown command.
Lua error: [string "/dgldir/rcfiles/crawl-git/Mgcat.rc"]:930: invalid capture index Adjust (i)tems, (s)pells, or (a)bilities?
r - a +1 scimitar of flaming Adjust to which letter? (? for menu, Esc to quit)
b - a +1 scimitar of flaming;
r - a +0 scale mail (worn)
Spoiler Alert: The eight-headed hydra can hit for high damage in melee!
Lua error: [string "/dgldir/rcfiles/crawl-git/Mgcat.rc"]:930: invalid capture index Your +1 scimitar of flaming bursts into flame!
b - a +1 scimitar of flaming (weapon)
Lua error: [string "/dgldir/rcfiles/crawl-git/Mgcat.rc"]:930: invalid capture index Lua error: [string "/dgldir/rcfiles/crawl-git/Mgcat.rc"]:930: invalid capture index Unknown command.
Spoiler Alert: The eight-headed hydra can hit for high damage in melee!
Unknown command.
Lua error: [string "/dgldir/rcfiles/crawl-git/Mgcat.rc"]:930: invalid capture index Unknown command.
Lua error: [string "/dgldir/rcfiles/crawl-git/Mgcat.rc"]:930: invalid capture index Lua error: [string "/dgldir/rcfiles/crawl-git/Mgcat.rc"]:930: invalid capture index You roll towards the eight-headed hydra!
You lop one of the eight-headed hydra's heads off!
The flame cauterises the wound!
You slash the seven-headed hydra! You burn the seven-headed hydra.
You tail-slap the seven-headed hydra.
The seven-headed hydra is lightly wounded.
You block the seven-headed hydra's attack. x2
The seven-headed hydra barely misses you.
The seven-headed hydra bites you.
The seven-headed hydra bites you but does no damage. x3
The seven-headed hydra closely misses you.
The seven-headed hydra bites you!
The seven-headed hydra bites you but does no damage.
You block the seven-headed hydra's attack. x2
The seven-headed hydra bites you!
The seven-headed hydra bites you but does no damage.
You take 25 damage, and have 84/109 hp.
MASSIVE DAMAGE!!
Spoiler Alert: The seven-headed hydra can hit for high damage in melee!
You hack one of the seven-headed hydra's heads off!
The flame cauterises the wound!
You slash the six-headed hydra! You burn the six-headed hydra.
You tail-slap the six-headed hydra.
The six-headed hydra is moderately wounded.
The six-headed hydra bites you but does no damage.
The six-headed hydra bites you!
The six-headed hydra bites you but does no damage.
You block the six-headed hydra's attack.
The six-headed hydra bites you.
The six-headed hydra bites you but does no damage.
You take 12 damage, and have 72/109 hp.
Spoiler Alert: The six-headed hydra can hit for high damage in melee!
You hit the six-headed hydra. You burn the six-headed hydra.
The six-headed hydra is moderately wounded.
You block the six-headed hydra's attack. x2
The six-headed hydra bites you! x3
The six-headed hydra closely misses you.
The six-headed hydra bites you!
* * * LOW HITPOINT WARNING * * *
You block the six-headed hydra's attack.
The six-headed hydra bites you but does no damage.
You block the six-headed hydra's attack.
The six-headed hydra bites you.
* * * LOW HITPOINT WARNING * * *
The six-headed hydra bites you but does no damage.
You take 46 damage, and have 26/109 hp.
MASSIVE DAMAGE!!
Spoiler Alert: The six-headed hydra can hit for high damage in melee!
You gain the combat prowess of a mighty hero.
The six-headed hydra bites you but does no damage.
You block the six-headed hydra's attack. x2
The six-headed hydra completely misses you.
You block the six-headed hydra's attack.
The six-headed hydra barely misses you.
You now have 14/16 mp.
Spoiler Alert: The six-headed hydra can hit for high damage in melee!
You chop one of the six-headed hydra's heads off!
The flame cauterises the wound!
You hit the five-headed hydra. You burn the five-headed hydra.
You tail-slap the five-headed hydra.
The five-headed hydra is heavily wounded.
You block the five-headed hydra's attack. x3
The five-headed hydra bites you!
* * * LOW HITPOINT WARNING * * *
The five-headed hydra bites you!
* * * LOW HITPOINT WARNING * * *
You take 23 damage, and have 4/109 hp.
MASSIVE DAMAGE!!
Spoiler Alert: The five-headed hydra can hit for high damage in melee!
Lua error: [string "/dgldir/rcfiles/crawl-git/Mgcat.rc"]:930: invalid capture index The five-headed hydra attacks as you move away!
The five-headed hydra bites you.
You die...

#...................
#..#.####.####.#+#.#
##>#.............#†#
#......+.#......#§#
#.#....#........#.#
#.######.#......#.#
#........#......#.#
#..####..#.§§§§.#..
#.@+..#..#..§§§§#.#
#D....#......§§§..#
.........#..#..#.§§§§...#
.........#..# #.§.§..#.#
.........+ .# #.#§#..#.#
.........# #. .. .......#
.......... ... ........#
.......... ...........#
........... .^.........


You could see a five-headed hydra.

Vanquished Creatures
  Gastronok (D:11)
  Erica (D:9)
  2 two-headed ogres
  A boulder beetle (D:11)
  Lodul (D:9)
  A deep elf pyromancer (D:9)
  A cyclops (D:11)
  2 gargoyles (D:11)
  2 unseen horrors
  Psyche (D:9)
  A kobold demonologist (D:11)
  4 komodo dragons (D:8)
  A troll (D:11)
  4 wraiths
  11 yaks
  A basilisk (D:8)
  4 steam dragons
  4 vampire mosquitoes
  2 acid dragons
  2 water moccasins (Lair:1)
  4 orc warriors
  5 black bears
  9 ogres
  4 centaurs
  2 phantoms
  4 kobold brigands
  4 bullfrogs
  A gnoll sergeant (D:6)
  2 scorpions
  7 wights
  8 killer bees
  4 howler monkeys
  2 jellies
  A hound (D:4)
  8 orc priests
  A gnoll bouda (D:10)
  A sleepcap (D:5)
  9 iguanas
  17 orc wizards
  23 gnolls
  12 adders
  A shadow imp (D:7)
  3 white imps
  3 worms
  2 dart slugs
  33 orcs
  4 endoplasms
  5 giant cockroaches
  7 goblins
  11 hobgoblins
  7 jackals
  30 kobolds
  3 quokkas
  6 ball pythons
  9 bats
  2 frilled lizards
  6 rats
307 creatures vanquished.

Vanquished Creatures (others)
  A gnoll (D:5)
  An orc (D:8)
2 creatures vanquished.

Grand Total: 309 creatures vanquished

Notes
Turn   | Place    | Note
-------+----------+-------------------------------------------
     0 | D:1      | Mgcat the Armataur Fighter began the quest for the Orb.
     0 | D:1      | Reached XP level 1. HP: 19/19 MP: 1/1
    33 | D:1      | Reached XP level 2. HP: 11/26 MP: 2/2
   145 | D:1      | Reached skill level 2 in Axes
   579 | D:1      | Reached XP level 3. HP: 32/32 MP: 3/3
   676 | D:1      | Reached skill level 3 in Fighting
   676 | D:1      | Reached skill level 4 in Armour
  1004 | D:2      | HP: 8/33 [poisoned by an adder]
  1236 | D:2      | Reached XP level 4. HP: 40/40 MP: 4/4
  1531 | D:2      | Found Peutsokk's Vocational Training.
  1799 | D:3      | Reached skill level 4 in Shields
  1938 | D:3      | Reached skill level 3 in Axes
  2043 | D:3      | Reached XP level 5. HP: 48/48 MP: 5/5
  2375 | D:4      | Noticed a black bear
  2389 | D:4      | Killed a black bear
  2390 | D:4      | Reached XP level 6. HP: 25/55 MP: 6/6
  2545 | D:4      | Reached skill level 4 in Axes
  2545 | D:4      | Reached skill level 5 in Armour
  2559 | D:4      | Reached skill level 4 in Fighting
  2821 | D:4      | Reached XP level 7. HP: 43/63 MP: 7/7
  2828 | D:4      | Reached skill level 5 in Shields
  3738 | D:4      | Found a glowing silver altar of Zin.
  3774 | D:5      | Entered Level 5 of the Dungeon
  3927 | D:5      | Found a transporter.
  3939 | D:5      | Noticed SlaveLabor's ghost (novice HuFi)
  3957 | D:5      | Reached skill level 5 in Axes
  3957 | D:5      | Reached skill level 6 in Armour
  4124 | D:5      | HP: 14/64 [black bear (4)]
  4126 | D:5      | Reached XP level 8. HP: 16/71 MP: 8/8
  4689 | D:5      | Found an ornate altar of the Wu Jian Council.
  4718 | D:5      | Found a transporter.
  5044 | D:5      | Reached skill level 5 in Fighting
  5044 | D:5      | Reached skill level 6 in Shields
  5049 | D:5      | HP: 18/72 [poisoned by a scorpion]
  5805 | D:6      | HP: 18/72 [something/magic dart (6)]
  5824 | D:6      | HP: 14/72 [black bear (8)]
  5830 | D:6      | Reached skill level 6 in Axes
  6006 | D:6      | Reached skill level 7 in Armour
  6401 | D:6      | Found an iron altar of Okawaru.
  6430 | D:6      | Became a worshipper of Warmaster Okawaru
  6558 | D:6      | Upgraded the game from 0.30-a0-1123-gabc949cf19 to
                  | 0.30-a0-1124-g6e8f0f562f
  6586 | D:6      | Reached XP level 9. HP: 51/79 MP: 9/9
  6824 | D:7      | Reached skill level 1 in Invocations
  6873 | D:7      | Found a staircase to the Ecumenical Temple.
  7191 | D:7      | Reached * piety under Okawaru
  7305 | D:7      | Reached skill level 7 in Shields
  7418 | D:7      | Reached skill level 2 in Invocations
  7990 | D:7      | Reached skill level 7 in Axes
  8219 | D:8      | Found Woli's Distillery.
  8229 | D:7      | Reached skill level 6 in Fighting
  8388 | D:8      | Reached skill level 8 in Armour
  8433 | D:8      | Bought a potion of degeneration for 12 gold pieces
  8433 | D:8      | Bought a potion of heal wounds for 60 gold pieces
  8433 | D:8      | Bought a potion of curing for 36 gold pieces
  8433 | D:8      | Bought a potion of curing for 36 gold pieces
  8433 | D:8      | Bought a potion of resistance for 120 gold pieces
  8433 | D:8      | Bought a potion of might for 48 gold pieces
  8733 | D:8      | Found a sparkling altar of Nemelex Xobeh.
  8733 | D:8      | Found a broken altar of Ashenzari.
  8736 | D:8      | Found a shimmering altar of Xom.
  8738 | D:8      | Found a radiant altar of Vehumet.
  8739 | D:8      | Found a stormy altar of Qazlal.
  8841 | D:8      | Noticed a komodo dragon
  8847 | D:8      | Killed a komodo dragon
  8942 | D:8      | Noticed a komodo dragon
  8952 | D:8      | Killed a komodo dragon
  8953 | D:8      | Reached skill level 3 in Invocations
  8970 | D:8      | Reached XP level 10. HP: 61/89 MP: 12/12
  9069 | D:8      | Reached ** piety under Okawaru
  9080 | D:8      | HP: 22/89 [vampire mosquito (5)]
  9605 | D:8      | Reached skill level 8 in Axes
  9672 | D:8      | Found a staircase to the Lair.
  9700 | D:8      | Reached skill level 8 in Shields
  9946 | D:9      | Noticed a deep elf pyromancer
  9960 | D:9      | Killed a deep elf pyromancer
  9961 | D:9      | Reached skill level 4 in Invocations
 10135 | D:9      | Noticed Erica
 10149 | D:9      | HP: 21/89 [Erica/lance of force (8)]
 10150 | D:9      | HP: 10/89 [poisoned by Erica (bolt of poison)]
 10460 | D:9      | Killed Erica
 10461 | D:9      | Reached skill level 9 in Armour
 10523 | D:8      | HP: 21/89 [killer bee (3)]
 10524 | D:8      | HP: 9/89 [killer bee (6)]
 10916 | D:9      | Reached skill level 7 in Fighting
 11136 | D:9      | Noticed Psyche
 11149 | Abyss:2  | Found a stormy altar of Qazlal.
 11149 | Abyss:2  | Cast into level 2 of the Abyss (Psyche)
 11173 | Abyss:2  | Noticed a large abomination
 11196 | Abyss:2  | Noticed a wretched star
 11234 | Abyss:3  | Found a corrupted altar of Lugonu.
 11262 | D:9      | Escaped the Abyss
 11266 | D:9      | Killed Psyche
 11266 | D:9      | Reached *** piety under Okawaru
 11267 | D:9      | HP: 22/92 [something (6)]
 11278 | D:9      | HP: 18/92 [something (6)]
 11783 | D:9      | Found a shimmering blue altar of Sif Muna.
 11914 | D:10     | Entered Level 10 of the Dungeon
 11914 | D:10     | Noticed a two-headed ogre
 12014 | D:9      | HP: 21/92 [something (5)]
 12022 | D:9      | Reached XP level 11. HP: 58/98 MP: 11/14
 12330 | D:9      | HP: 24/98 [two-headed ogre/+0 giant club (4)]
 12333 | D:9      | Killed a two-headed ogre
 12334 | D:9      | Reached skill level 9 in Axes
 12334 | D:9      | Reached skill level 5 in Invocations
 12805 | D:10     | Upgraded the game from 0.30-a0-1124-g6e8f0f562f to
                  | 0.30-a0-1160-g6e42c06551
 12861 | D:10     | Noticed Lodul
 12873 | D:10     | HP: 23/98 [Lodul/bolt of lightning (30)]
 13113 | D:10     | Reached skill level 9 in Shields
 13223 | D:9      | Killed Lodul
 13566 | D:10     | You fall into a shaft and drop 1 floor!
 13581 | D:11     | Reached skill level 10 in Armour
 13853 | D:11     | Noticed a two-headed ogre
 13869 | D:11     | Killed a two-headed ogre
 13869 | D:11     | Reached **** piety under Okawaru
 14389 | D:11     | Noticed a boulder beetle
 14423 | D:11     | Killed a boulder beetle
 14424 | D:11     | Reached skill level 6 in Invocations
 14437 | D:11     | Noticed Gastronok
 14498 | D:11     | HP: 5/100 [Gastronok/the air (22)]
 14500 | D:11     | Killed Gastronok
 14501 | D:11     | Reached skill level 8 in Fighting
 14501 | D:11     | Reached skill level 10 in Axes
 14694 | D:10     | Found a hide-covered altar of Uskayaw.
 15289 | D:11     | Identified the +1 robe of Odis Hoph {rC+ SInv}
 15714 | D:11     | Reached XP level 12. HP: 84/109 MP: 16/16
 16113 | Lair:1   | Entered Level 1 of the Lair of Beasts
 16241 | Lair:1   | Noticed an eight-headed hydra
 16248 | Lair:1   | HP: 26/109 [six-headed hydra (4)]
 16250 | Lair:1   | HP: 4/109 [five-headed hydra (12)]
 16252 | Lair:1   | Slain by a five-headed hydra

Illustrated notes

Levels and vault maps discovered:
D:1:      psy_arrival_terrarium, layout_basic
D:2:      minmay_angry_zag, layout_loops_ring, columned_hall_lemuel,
          nrook_loot_triangle, nrook_campfire, nicolae_shop_vocational
D:3:      layout_basic
D:4:      cheibrodos_thug_alley, layout_basic, zin_scriptorium,
          minmay_misc_feat_secret_circle, minmay_stone_trees_small
D:5:      layout_basic, pdpol_wu_jian_five_deadly_venoms,
          gammafunk_ghost_stat_death, hangedman_decor_riveting
D:6:      layout_basic, mainiacjoe_overflow_concentric_impassable,
          kennysheep_decorative_pillar
D:7:      layout_basic, temple_statues, chequers_serial_rivers_large_a,
          hellmonk_bongcloud_opening, ebering_dispersal_statue_hall
D:8:      layout_rooms, grunt_temple_overflow_open, erik_lair_dragon,
          serial_shops, shop
D:9:      nicolae_cairo_tiling_large_dashed, layout_rooms,
          lemuel_coloured_pillars_altar, uniq_erica, uniq_psyche
D:10:     layout_rooms, lemuel_crystal_altar, uniq_lodul
D:11:     kennysheep_six_static_rooms, layout_cave_pools, uniq_gastronok
Lair:1:   layout_chaotic_city, portal_ice_cave_demonic_guard, grunt_megastairs_3

Skill      XL: |  1  2  3  4  5  6  7  8  9 10 11 |
---------------+----------------------------------+-----
Axes           | 2 3 4 5 6 7 8 10 | 10.3
Fighting       | 3 4 5 6 7 8 |  8.3
Armour         | 4 5 6 7 8 9 10 | 10.7
Shields        | 4 5 6 7 8 9 |  9.9
Invocations    | 3 4 6 |  6.5

Action                     |  1- 3 |  4- 6 |  7- 9 | 10-12 || total
---------------------------+-------+-------+-------+-------++-------
  Melee: War axe           |   123 |   147 |   424 |   545 ||  1239
         Tailslap          |     5 |    21 |    56 |    90 ||   172
         Scimitar          |       |       |       |     4 ||     4
 Invoke: Heroism           |       |       |     1 |    16 ||    17
  Evoke: Wand              |       |       |     9 |     2 ||    11
    Use: Potion            |       |     2 |     5 |    12 ||    19
         Scroll            |       |       |    13 |    15 ||    28
 Armour: Scale mail        |    85 |   104 |   225 |   376 ||   790
  Dodge: Dodged            |    47 |    58 |    93 |   139 ||   337
  Block: Buckler           |    25 |    32 |    28 |       ||    85
         Tower shield      |       |       |   277 |   518 ||   795

Table legend: (Time is in decaauts)
 A = Elapsed time spent in this place.
 B = Non-inter-level travel time spent in this place.
 C = Inter-level travel time spent in this place.
 D = Time resting spent in this place.
 E = Time spent auto-exploring this place.
 F = Levels seen in this place.
 G = Mean time per level.
                   A        B        C        D        E       F      G
               +--------+--------+--------+--------+--------+-----+--------+
         Total |  16689 |  16117 |    572 |   5296 |   7522 |  14 | 1192.1 |
       Dungeon |  16428 |  15856 |    572 |   5296 |   7461 |  11 | 1493.5 |
          Lair |    147 |    147 |      0 |      0 |     44 |   1 |  147.0 |
         Abyss |    113 |    113 |      0 |      0 |     17 |   2 |   56.5 |
               +--------+--------+--------+--------+--------+-----+--------+

Top non-repeatable levels by time:
     D:8: 2743 daAuts
    D:11: 1914 daAuts
     D:5: 1844 daAuts
     D:9: 1805 daAuts
     D:7: 1645 daAuts
     D:4: 1526 daAuts
    D:10: 1341 daAuts
     D:6: 1240 daAuts
     D:2: 937 daAuts
     D:1: 913 daAuts
     D:3: 516 daAuts
  Lair:1: 147 daAuts
 Abyss:3: 61 daAuts
 Abyss:2: 52 daAuts

Levels and vault maps discovered:
D:1:      psy_arrival_terrarium, layout_basic
D:2:      minmay_angry_zag, layout_loops_ring, columned_hall_lemuel,
          nrook_loot_triangle, nrook_campfire, nicolae_shop_vocational
D:3:      layout_basic
D:4:      cheibrodos_thug_alley, layout_basic, zin_scriptorium,
          minmay_misc_feat_secret_circle, minmay_stone_trees_small
D:5:      layout_basic, pdpol_wu_jian_five_deadly_venoms,
          gammafunk_ghost_stat_death, hangedman_decor_riveting
D:6:      layout_basic, mainiacjoe_overflow_concentric_impassable,
          kennysheep_decorative_pillar
D:7:      layout_basic, temple_statues, chequers_serial_rivers_large_a,
          hellmonk_bongcloud_opening, ebering_dispersal_statue_hall
D:8:      layout_rooms, grunt_temple_overflow_open, erik_lair_dragon,
          serial_shops, shop
D:9:      nicolae_cairo_tiling_large_dashed, layout_rooms,
          lemuel_coloured_pillars_altar, uniq_erica, uniq_psyche
D:10:     layout_rooms, lemuel_crystal_altar, uniq_lodul
D:11:     kennysheep_six_static_rooms, layout_cave_pools, uniq_gastronok
Lair:1:   layout_chaotic_city, portal_ice_cave_demonic_guard, grunt_megastairs_3

Table legend: (Time is in decaauts)
 A = Elapsed time spent in this place.
 B = Non-inter-level travel time spent in this place.
 C = Inter-level travel time spent in this place.
 D = Time resting spent in this place.
 E = Time spent auto-exploring this place.
 F = Levels seen in this place.
 G = Mean time per level.
                   A        B        C        D        E       F      G
               +--------+--------+--------+--------+--------+-----+--------+
         Total |  16689 |  16117 |    572 |   5296 |   7522 |  14 | 1192.1 |
       Dungeon |  16428 |  15856 |    572 |   5296 |   7461 |  11 | 1493.5 |
          Lair |    147 |    147 |      0 |      0 |     44 |   1 |  147.0 |
         Abyss |    113 |    113 |      0 |      0 |     17 |   2 |   56.5 |
               +--------+--------+--------+--------+--------+-----+--------+

Top non-repeatable levels by time:
     D:8: 2743 daAuts
    D:11: 1914 daAuts
     D:5: 1844 daAuts
     D:9: 1805 daAuts
     D:7: 1645 daAuts
     D:4: 1526 daAuts
    D:10: 1341 daAuts
     D:6: 1240 daAuts
     D:2: 937 daAuts
     D:1: 913 daAuts
     D:3: 516 daAuts
  Lair:1: 147 daAuts
 Abyss:3: 61 daAuts
 Abyss:2: 52 daAuts

Table legend:
 A = Kills in this place as a percentage of kills in the entire game.
 B = Kills by you in this place as a percentage of kills by you in the entire game.
 C = Kills by friends in this place as a percentage of kills by friends in the entire game.
 D = Other kills in this place as a percentage of other kills in the entire game.
 E = Experience gained in this place as a percentage of experience gained in the entire game.
 F = Experience gained in this place divided by the number of levels of this place that you have seen.
                   A       B       C       D       E      F
               +-------+-------+-------+-------+-------+----------------------
         Total | 100.0 | 100.0 |   N/A |   N/A | 100.0 | 1685.9
       Dungeon |  97.7 |  97.7 |   N/A |   N/A |  94.4 | 2025.8
          Lair |   2.3 |   2.3 |   N/A |   N/A |   5.6 | 1318.0
               +-------+-------+-------+-------+-------+----------------------
